 Dungeon Crawl Stone Soup version 0.28.0-53-g5a82cb258f (webtiles) character file.

Game seed: 10385206116511408197

56247 unlimited1921 the Eclecticist (level 15, -2/90 HPs)
             Began as a Djinni Fire Elementalist on July 31, 2022.
             Was an Initiate of Gozag.
             Killed by an exploding ball lightning (28 damage)
             ... on level 12 of the Dungeon.
             The game lasted 02:24:12 (29149 turns).

unlimited1921 the Eclecticist (DjFE)               Turns: 29149, Time: 02:24:12

Health: -2/90      AC:  6    Str:  7    XL:     15   Next: 21%
Gold:   1552       EV: 27    Int: 22    God:    Gozag SH: 14 Dex: 16

rFire   + + +      SeeInvis .   R - +2 whip (freeze)
rCold   x . .      Faith    .   Y - +2 kite shield
rNeg    . . .      Spirit   .   U - +1 robe {Archmagi}
rPois   ∞          Reflect  .   (no helmet)
rElec   .          Harm     .   (no cloak)
rCorr   .          Rampage  .   b - +2 pair of gloves
Will    ++...      Archmagi +   (boots unavailable)
Stlth   +++.......              K - amulet of the acrobat
HPRegen 0.25/turn               u - ring of protection from fire
MPRegen 0.00/turn               w - ring of willpower

@: gold aura, acrobatic, flying
A: sickness immunity, fire resistance 2, cold vulnerability 1, float, innate
caster, HP casting, extra vitality 1, large bone plates 1
a: Renounce Religion, Potion Petition, Call Merchant, Bribe Branch


You were on level 12 of the Dungeon.
You worshipped Gozag.
Gozag was most pleased with you.
You visited 3 branches of the dungeon, and saw 16 of its levels.
You also visited: Sewer.

You collected 3303 gold pieces.
You spent 1557 gold pieces at shops.
You paid 194 gold pieces to Gozag.

Inventory:

Hand Weapons
 r - the +7 mace "Qagok" {vorpal, rElec Int+3}
   (You found it on level 2 of the Dungeon)

   It inflicts extra damage upon your enemies.
   Int:       It affects your intelligence (+3).
   rElec:     It insulates you from electricity.
 v - a +0 arbalest
 F - a +1 whip of distortion
 I - a +2 scimitar of freezing
 M - the +5 dagger of Experimentation {vamp, Fly rCorr}
   (You found it on level 6 of the Dungeon)

   It occasionally heals its wielder for a portion of the damage dealt when it
   wounds a living foe.
   Fly:       It grants you flight.
   rCorr:     It protects you from acid and corrosion.
 R - a +2 whip of freezing (weapon)
Missiles
 e - 242 stones
 i - 7 boomerangs
 p - a throwing net
 x - 130 bolts
 z - 32 poisoned darts
 D - 6 curare-tipped darts
 L - 3 boomerangs of dispersal
Armour
 b - a +2 pair of gloves (worn)
 o - a scarf of invisibility
 U - a +1 robe of the Archmagi (worn)
 Y - a +2 kite shield (worn)
Jewellery
 u - a ring of protection from fire (left hand)
 w - a ring of willpower (right hand)
 H - a ring of resist corrosion
 K - an amulet of the acrobat (around neck)
 W - a ring of protection from cold
Wands
 t - a wand of polymorph (13)
 y - a wand of iceblast (12) (quivered)
 N - a wand of paralysis (18)
 Q - a wand of flame (20)
Scrolls
 g - 3 scrolls of enchant weapon
 m - 8 scrolls of teleportation
 q - 2 scrolls of holy word
 s - a scroll of summoning
 B - 2 scrolls of magic mapping
 E - 3 scrolls of fog
 T - a scroll of fear
Potions
 a - a potion of flight {unknown}
 c - 2 potions of heal wounds
 h - 2 potions of resistance
 k - a potion of lignification
 l - a potion of might
 A - 3 potions of cancellation
 C - a potion of invisibility {unknown}
 G - 2 potions of magic {unknown}
 P - 2 potions of mutation
 X - 2 potions of curing
 Z - 2 potions of haste


   Skills:
 + Level 2.5 Fighting
 + Level 1.1(1.3) Short Blades
 + Level 1.1(1.3) Long Blades
 + Level 1.0(2.5) Axes
 + Level 3.3(3.5) Maces & Flails
 + Level 1.5(1.9) Polearms
 + Level 1.1(2.8) Staves
 + Level 1.0(3.1) Slings
 + Level 1.0 Crossbows
 * Level 4.8(4.9) Throwing
 * Level 3.6 Armour
 + Level 4.2 Dodging
 + Level 4.4 Stealth
 * Level 1.7 Shields
 + Level 1.2 Unarmed Combat
 * Level 16.6 Spellcasting
 + Level 1.2 Invocations
 + Level 1.2 Evocations


You had 10 spell levels left.
You knew the following spells:

 Your Spells              Type           Power      Damage    Failure   Level
a - Foxfire               Conj/Fire      100%       2x1d9     0%          1
b - Scorch                Fire           100%       2d10      0%          2
c - Conjure Flame         Conj/Fire      95%        6-21      1%          3
d - Inner Flame           Hex/Fire       95%        N/A       1%          3
e - Flame Wave            Conj/Fire      95%        2d16      1%          4
f - Shock                 Conj/Air       100%       1d9       0%          1
g - Call Imp              Summ           95%        N/A       0%          2
h - Static Discharge      Conj/Air       95%        N/A       0%          2
i - Iskenderun's Mystic   Conj/Tloc      95%        2d18      1%          4
j - Cause Fear            Hex            47%        N/A       1%          4
k - Lee's Rapid Deconstr  Erth           47%        3d24*     1%          5
l - Conjure Ball Lightni  Conj/Air       47%        3x3d16    1%          6
Your spell library was empty.

Dungeon Overview and Level Annotations

Branches:
Dungeon (13/15)              Lair (0/6) D:10            Orc (2/2) D:11
    Elf (1/3) Orc:2         Sewer (visited)
 Temple: D:4-7       Vaults: D:13-14

Altars:
Cheibriados
Gozag
Makhleb
Nemelex Xobeh
Trog
Uskayaw
Vehumet
Xom

Shops:
Orc:2 *?[[


Innate Abilities, Weirdness & Mutations

You are immune to sickness and miasma.
You are immune to poison.
Your flesh is very heat resistant. (rF++)
You are vulnerable to cold. (rC-)
You float through the air rather than walking.
You learn spells naturally, not from books.
Your magical power is your life essence.
You have superior vitality. (+4 MHP)
You are partially covered in large bone plates. (SH +4)


Message History

You now have 1507 gold pieces (gained 3).
You now have 1510 gold pieces (gained 3).
You now have 1513 gold pieces (gained 3).
You now have 1516 gold pieces (gained 3).
You now have 1519 gold pieces (gained 3).
x - 116 bolts (gained 25)
x - 130 bolts (gained 14)
You now have 1533 gold pieces (gained 14).
Found a scroll of identify.
You now have 1552 gold pieces (gained 19).
d - a scroll of identify
As you read the scroll of identify, it crumbles to dust.
k - a potion of lignification Unknown command.
There is a strange disturbance nearby!
Casting: Lee's Rapid Deconstruction (mildly dangerous; 1% risk of failure)
Confirm with . or Enter, or press ? or * to list all spells.
You feel a surge of power!
You create some ball lightning! 3 ball lightnings come into view.
Something hits you but does no damage.
Deactivating autopickup; reactivate with Ctrl-A.
Your ball lightning explodes!
The blast of lightning engulfs something!
The blast of lightning engulfs your ball lightning.
Your ball lightning completely resists.
The blast of lightning engulfs you!!
You hear a shout!
Something hits you.
Something barely misses your ball lightning.
Something hits your ball lightning.
Your ball lightning explodes!
The blast of lightning engulfs you!!
* * * LOW HITPOINT WARNING * * *
The blast of lightning engulfs something!!
Your ball lightning explodes!
The blast of lightning engulfs something!
Reactivating autopickup.
You feel a bit more experienced. The blast of lightning engulfs you!!
You die...
Your body crumbles into a pile of gold.

..## # ....#. #.##.##.. .
#.##.##.# .# #.##.##.##.#
#.#...#....
#########.#...#..# #
#.........#...#..####.#
#<######.@.$..........#
#.# #............... #.#
#.........######### #.#
##.#...##.###.....# #.#
#.#...# .......#.# #.#
#.#...# ####.#.#.. #.#
#.##.#######...... #.#
#.##.........#....
#.#######.##########.#.###


There were no monsters in sight!

Vanquished Creatures
  Josephine (D:11)
  Harold (D:7)
  A hydra (D:12)
  Erolcha (D:10)
  A boulder beetle (D:11)
  5 ogre magi
  15 two-headed ogres
  Erica (D:11)
  An orc high priest (Orc:1)
  Sonja (D:10)
  An obsidian statue (D:9)
  3 deep elf pyromancers
  Pikel (D:7)
  An orc knight (Orc:1)
  2 deep elf zephyrmancers (Elf:1)
  A manticore (D:8)
  3 orc sorcerers (Orc:1)
  2 unseen horrors
  A komodo dragon (D:10)
  2 trolls
  Grinder (D:6)
  A hornet (D:9)
  2 shadows
  3 wraiths (D:11)
  An air elemental (Orc:2)
  A vampire (D:11)
  A water elemental (Orc:2)
  25 yaks
  Eustachio (D:6)
  A vampire mosquito (D:7)
  2 steam dragons
  A warg (Orc:1)
  A water moccasin (D:6)
  17 orc warriors
  2 ice beasts
  28 ogres
  A necrophage (D:8)
  4 centaurs
  A phantom (D:6)
  7 kobold brigands
  A lemure (D:7)
  5 bullfrogs
  A gnoll sergeant (D:10)
  A scorpion (D:5)
  2 water moccasin skeletons
  3 wights (D:6)
  5 spriggan skeletons (D:10)
  A troll skeleton (D:10)
  An electric eel (D:6)
  5 centaur zombies
  2 hounds
  8 orc priests
  4 bullfrog skeletons
  A gnoll shaman (D:7)
  An iguana (D:6)
  19 orc wizards
  A killer bee zombie (D:6)
  8 gnolls
  A howler monkey skeleton (D:6)
  7 adders
  A shadow imp (D:6)
  2 adder skeletons
  7 worms
  2 dart slugs
  49 orcs
  10 ball pythons
  9 endoplasms
  5 giant cockroaches
  5 hobgoblins
  A jackal (D:2)
  3 quokkas
  2 bats
  7 frilled lizards
  5 goblins
  25 kobolds
  8 rats
364 creatures vanquished.

Vanquished Creatures (collateral kills)
  An orc (D:3)
  A ball lightning (D:12)
  2 foxfires (D:6)
4 creatures vanquished.

Vanquished Creatures (others)
  6 ball lightnings
  669 foxfires
  38 plants
  5 withered plants (D:2)
718 creatures vanquished.

Grand Total: 1086 creatures vanquished

Notes
Turn   | Place    | Note
-------+----------+-------------------------------------------
     0 | D:1      | unlimited1921 the Djinni Fire Elementalist began the quest
                  | for the Orb.
     0 | D:1      | Reached XP level 1. HP: 15/15 MP: 0/0
   832 | D:1      | Reached XP level 2. HP: 19/21 MP: 0/0
  2187 | D:2      | Reached skill level 3 in Spellcasting
  2256 | D:2      | Reached XP level 3. HP: 20/25 MP: 0/0
  2256 | D:2      | Learned a level 1 spell: Shock
  3190 | D:2      | Identified the ring "Koxurin" {rPois rC+++ Int-4 Stlth+}
  3611 | D:2      | Reached XP level 4. HP: 29/31 MP: 0/0
  3771 | D:2      | Found a faded altar of an unknown god.
  3841 | D:2      | Identified the +7 mace "Qagok" {vorpal, rElec Int+3}
  5096 | D:3      | Reached skill level 1 in Polearms
  5156 | D:3      | Reached XP level 5. HP: 18/36 MP: 0/0
  5156 | D:3      | Learned a level 2 spell: Call Imp
  5166 | D:3      | Reached skill level 1 in Maces & Flails
  6461 | D:5      | Entered Level 5 of the Dungeon
  6470 | D:5      | Reached skill level 1 in Armour
  6470 | D:5      | Reached XP level 6. HP: 33/41 MP: 0/0
  6828 | D:5      | Found a glowing drain.
  6832 | Sewer    | Entered a sewer
  6841 | Sewer    | Reached skill level 4 in Spellcasting
  7457 | Sewer    | Reached skill level 1 in Fighting
  7457 | Sewer    | Reached XP level 7. HP: 27/47 MP: 0/0
  7457 | Sewer    | Learned a level 2 spell: Static Discharge
  7966 | D:5      | Found a hide-covered altar of Uskayaw.
  7967 | D:5      | Found a burning altar of Makhleb.
  7967 | D:5      | Found a snail-covered altar of Cheibriados.
  7968 | D:5      | Found a bloodstained altar of Trog.
  8394 | D:6      | Reached skill level 5 in Spellcasting
  8452 | D:6      | Noticed a water moccasin
  8457 | D:6      | Killed a water moccasin
  8458 | D:6      | Reached XP level 8. HP: 44/52 MP: 0/0
  8776 | D:6      | Reached skill level 6 in Spellcasting
  9197 | D:6      | Noticed Grinder
  9211 | D:6      | Killed Grinder
  9212 | D:6      | Reached XP level 9. HP: 46/58 MP: 0/0
  9212 | D:6      | Learned a level 4 spell: Iskenderun's Mystic Blast
  9217 | D:6      | Reached skill level 7 in Spellcasting
  9683 | D:6      | Noticed Eustachio
  9687 | D:6      | Killed Eustachio
 10326 | D:6      | Identified the +5 dagger of Experimentation {vamp, Fly
                  | rCorr}
 10623 | D:7      | Noticed Harold
 10637 | D:7      | Killed Harold
 10638 | D:7      | Reached skill level 8 in Spellcasting
 11393 | D:7      | Reached skill level 9 in Spellcasting
 11393 | D:7      | Reached XP level 10. HP: 57/64 MP: 0/0
 11393 | D:7      | Noticed Pikel
 11407 | D:7      | Killed Pikel
 11571 | D:7      | Found a shimmering altar of Xom.
 12160 | D:7      | Reached skill level 10 in Spellcasting
 12844 | D:8      | Identified the +1 dagger of the Eel {pain, Fly rElec Will+}
 13368 | D:8      | Noticed a manticore
 13374 | D:8      | Killed a manticore
 13717 | D:9      | Noticed a two-headed ogre
 13723 | D:9      | Killed a two-headed ogre
 13724 | D:9      | Reached skill level 11 in Spellcasting
 13807 | D:9      | Reached XP level 11. HP: 59/68 MP: 0/0
 13807 | D:9      | Learned a level 4 spell: Cause Fear
 14903 | D:9      | Noticed an obsidian statue
 15381 | D:9      | Noticed a sixfirhy
 15381 | D:9      | Killed an obsidian statue
 15382 | D:9      | Reached skill level 12 in Spellcasting
 15780 | D:10     | Entered Level 10 of the Dungeon
 17062 | D:10     | Found a sparkling altar of Nemelex Xobeh.
 17062 | D:10     | Noticed Sonja
 17069 | D:10     | Killed Sonja
 17072 | D:10     | Found an opulent altar of Gozag.
 17080 | D:10     | Became a worshipper of Gozag Ym Sagoz the Greedy
 17246 | D:10     | Noticed Erolcha
 17253 | D:10     | Killed Erolcha
 17397 | D:10     | You are sucked into a shaft and drop 3 floors!
 17397 | D:13     | Noticed a centaur warrior
 17419 | D:12     | Noticed a skeletal warrior
 17419 | D:12     | Noticed a skeletal warrior
 17684 | D:11     | Reached skill level 1 in Throwing
 17684 | D:11     | Reached XP level 12. HP: 43/74 MP: 0/0
 18043 | D:11     | Reached skill level 13 in Spellcasting
 18227 | D:11     | Found a staircase to the Orcish Mines.
 18713 | D:11     | Noticed Josephine
 19666 | D:10     | Found a staircase to the Lair.
 20318 | D:11     | Noticed Erica
 20323 | D:11     | Killed Erica
 20385 | D:11     | Noticed a boulder beetle
 20392 | D:11     | Noticed a two-headed ogre
 20399 | D:11     | Killed a two-headed ogre
 20669 | D:10     | Gained mutation: You are frail. (-10% HP) [potion of
                  | mutation]
 20670 | D:10     | Lost mutation: You are frail. (-10% HP) [potion of
                  | mutation]
 20670 | D:10     | Gained mutation: You are partially covered in large bone
                  | plates. (SH +4) [potion of mutation]
 21124 | D:11     | Killed a boulder beetle
 21529 | D:11     | Reached skill level 14 in Spellcasting
 21531 | D:11     | Killed Josephine
 22232 | Orc:1    | Entered Level 1 of the Orcish Mines
 22253 | Orc:1    | Noticed an orc high priest
 22257 | Orc:1    | Killed an orc high priest
 23000 | Orc:1    | Reached XP level 13. HP: 69/78 MP: 0/0
 23000 | Orc:1    | Learned a level 5 spell: Lee's Rapid Deconstruction
 24046 | Orc:1    | You are sucked into a shaft and drop 1 floor!
 24046 | Orc:2    | Entered Level 2 of the Orcish Mines
 24320 | Orc:2    | Reached skill level 15 in Spellcasting
 24321 | Orc:2    | Killed an ogre mage
 24321 | Orc:2    | Killed an ogre mage
 24325 | Orc:2    | Noticed an ogre mage
 24329 | Orc:2    | Killed an ogre mage
 25268 | Orc:1    | Noticed an ogre mage
 25273 | Orc:1    | Killed an ogre mage
 25655 | Orc:2    | Reached skill level 16 in Spellcasting
 25869 | Orc:2    | Found a staircase to the Elven Halls.
 25929 | Orc:2    | Noticed an ogre mage
 25934 | Orc:2    | Killed an ogre mage
 25952 | Orc:2    | Reached XP level 14. HP: 67/84 MP: 0/0
 26278 | Orc:2    | Found Awkuhag's Antique Armour Shop.
 26278 | Orc:2    | Found Igu Xece's Antique Armour Emporium.
 26279 | Orc:2    | Found Ogargh's Magic Scroll Emporium.
 26279 | Orc:2    | Found Til Xuw's Assorted Antiques.
 26378 | Orc:2    | Bought a scroll of identify for 22 gold pieces
 26378 | Orc:2    | Bought a scroll of identify for 22 gold pieces
 26597 | Orc:2    | Reached skill level 1 in Short Blades
 26597 | Orc:2    | Reached skill level 1 in Long Blades
 26597 | Orc:2    | Reached skill level 1 in Axes
 26597 | Orc:2    | Reached skill level 1 in Staves
 26597 | Orc:2    | Reached skill level 1 in Slings
 26597 | Orc:2    | Reached skill level 1 in Crossbows
 26597 | Orc:2    | Reached skill level 1 in Shields
 26597 | Orc:2    | Reached skill level 1 in Unarmed Combat
 26597 | Orc:2    | Reached skill level 1 in Invocations
 26597 | Orc:2    | Reached skill level 1 in Evocations
 26598 | Orc:2    | Reached XP level 15. HP: 90/90 MP: 0/0
 26598 | Orc:2    | Learned a level 6 spell: Conjure Ball Lightning
 26606 | Orc:2    | Bought a scroll of enchant armour for 82 gold pieces
 26606 | Orc:2    | Bought a scroll of summoning for 104 gold pieces
 26800 | Orc:2    | Bought a steel ring for 130 gold pieces
 26800 | Orc:2    | Bought an encrusted granite ring for 130 gold pieces
 26800 | Orc:2    | Bought a dark potion for 23 gold pieces
 26801 | Orc:2    | Bought a shiny orb for 432 gold pieces
 26801 | Orc:2    | Bought a distressingly furry chain mail for 342 gold pieces
 26801 | Orc:2    | Identified the +6 chain mail of Dim Light {Will+} (You
                  | bought it in a shop on level 2 of the Orcish Mines)
 26801 | Orc:2    | Bought a pair of embroidered gloves for 270 gold pieces
 26907 | Elf:1    | Entered Level 1 of the Elven Halls
 29149 | D:12     | Killed by an exploding ball lightning

Illustrated notes

Levels and vault maps discovered:
D:1:      lightli_arrival_statuegarden, layout_loops_ring
D:2:      layout_basic, shapermc_ecumenical_altar_flowoftime, minmay_nonomino_d4
D:3:      layout_loops_ring, st_stairs_11, hex_medium
D:4:      layout_rooms, minmay_temple_entry_oklob
D:5:      layout_cave_pools, chequers_temple_overflow_statue_of_worship,
          gup_sewer_entry_spiral
D:6:      layout_gridville, chequers_big_river, serial_bayou_crossing,
          uniq_eustachio, uniq_grinder
D:7:      minmay_chambers_of_fours, layout_loops_cross, xom_teletrap_fun,
          uniq_harold, uniq_pikel
D:8:      layout_rooms, palyth_stone_intersect, minmay_fractal_squares_gapless_5
D:9:      layout_basic, chequers_serial_rivers_small_3, minivault_16
D:10:     layout_loops_ring, grunt_temple_overflow_opulence,
          david_lair_shrubbed, hangedman_tell_no_tales, uniq_sonja, uniq_erolcha
D:11:     layout_small_grid, david_orc_2, uniq_erica, uniq_josephine
D:12:     layout_loops_ring, serial_bayou_ford_a
D:13:     layout_layer_cave, portal_ice_cave_entry_imps,
          nicolae_qazlal_eye_of_the_storm, uniq_snorg
Orc:1:    layout_diamond_mine, mines4_lemuel
Orc:2:    st_orc_ogre_mass, layout_caves, basic_altar
Elf:1:    minmay_elf_arrival_plus, layout_geoelf_octagon,
          hellmonk_ghost_big_iron, minmay_elf_crystal_hexagon

Skill      XL: |  1  2  3  4  5  6  7  8  9 10 11 12 13 14 |
---------------+-------------------------------------------+-----
Spellcasting   | 3 4 5 6 9 11 12 14 16 | 16.6
Stealth        | 2 3 4 |  4.4
Polearms       | 1 |  1.5
Maces & Flails | 1 2 3 |  3.3
Armour         | 1 2 3 |  3.6
Fighting       | 1 2 |  2.5
Dodging        | 3 4 |  4.2
Throwing       | 1 2 4 |  4.8
Short Blades   | 1 |  1.1
Long Blades    | 1 |  1.1
Axes           | 1 |  1.0
Staves         | 1 |  1.1
Slings         | 1 |  1.0
Crossbows      | 1 |  1.0
Shields        | 1 |  1.7
Unarmed Combat | 1 |  1.2
Invocations    | 1 |  1.2
Evocations     | 1 |  1.2

Action                   |  1- 3 |  4- 6 |  7- 9 | 10-12 | 13-15 || total
-------------------------+-------+-------+-------+-------+-------++-------
Melee: Trident           |    28 |    28 |       |       |       ||    56
       Mace              |       |    61 |    13 |    55 |       ||   129
       Punch             |       |       |       |     1 |       ||     1
       Whip              |       |       |       |       |     9 ||     9
Throw: Dart              |       |       |       |     7 |       ||     7
 Cast: Foxfire           |    53 |    88 |    78 |   153 |    40 ||   412
       Scorch            |     5 |     6 |    30 |    97 |    11 ||   149
       Inner Flame       |       |     5 |    25 |    87 |    41 ||   158
       Call Imp          |       |     2 |     2 |    10 |     2 ||    16
       Iskenderun's Myst |       |       |     9 |    60 |     7 ||    76
       Cause Fear        |       |       |       |     7 |       ||     7
       Shock             |       |       |       |     7 |     1 ||     8
       Lee's Rapid Decon |       |       |       |       |    52 ||    52
       Conjure Ball Ligh |       |       |       |       |     4 ||     4
Evoke: Wand              |       |       |       |     3 |       ||     3
  Use: Scroll            |       |       |     8 |     8 |     7 ||    23
       Potion            |       |       |     2 |     6 |     2 ||    10
 Stab: Sleeping          |     3 |     1 |       |       |       ||     4
Armor: Robe              |     4 |     1 |     1 |     9 |    11 ||    26
       Leather armour    |       |    11 |     1 |       |       ||    12
Dodge: Dodged            |    15 |    38 |    10 |    45 |    19 ||   127
Block: Kite shield       |       |       |       |    13 |    21 ||    34
